 Dungeon Crawl Stone Soup version 0.29.0-7-g18a832c13a (webtiles) character file.

Game seed: 3210852851757232696

574 gelatine the Magician (level 7, -3/47 HPs)
             Began as a Mummy Fire Elementalist on Sept 1, 2022.
             Killed by divine providence
             ... invoked by an orc priest
              (16 damage)
             ... on level 5 of the Dungeon.
             The game lasted 00:13:14 (5439 turns).

gelatine the Magician (Mummy Fire Elementalist)     Turns: 5439, Time: 00:13:14

Health: -3/47      AC:  3    Str: 14    XL:     7   Next: 12%
Magic:  3/16       EV: 12    Int: 16    God:
Gold:   162        SH:  0    Dex: 12    Spells: 15/18 levels left

rFire   x . .      SeeInvis .   d - +5 falchion of the Slime-mould {vorpal, rPois rC- Str+2}
rCold   . . .      Faith    .   (no shield)
rNeg    + + +      Spirit   .   a - +0 robe
rPois   ∞          Reflect  .   o - +0 helmet
rElec   .          Harm     .   (no cloak)
rCorr   .          Rampage  .   (no gloves)
Will    .....                   (no boots)
Stlth   ++........              (no amulet)
HPRegen 0.15/turn               (no ring)
MPRegen 0.15/turn               (no ring)

@: no status effects
A: cold resistance 1, negative energy resistance 3, torment resistance 2, heat
vulnerability 1, in touch with death 1, no potions
a: no special abilities


You were on level 5 of the Dungeon.
You visited 1 branch of the dungeon, and saw 5 of its levels.

You collected 162 gold pieces.

Inventory:

Hand Weapons
 c - a +0 rapier
 d - the +5 falchion of the Slime-mould (weapon) {vorpal, rPois rC- Str+2}
   (You found it on level 1 of the Dungeon)

   It inflicts extra damage upon your enemies.
   Str:       It affects your strength (+2).
   rC:        It makes you vulnerable to cold.
   rPois:     It protects you from poison.
 g - a +1 spectral club
Missiles
 j - 2 throwing nets
 l - 13 poisoned darts
Armour
 a - a +0 robe (worn)
 o - a +0 helmet (worn)
Magical Staves
 e - a staff of air
Scrolls
 b - a scroll of noise {unknown}
 f - 5 scrolls of identify {unknown}
 h - a scroll of enchant armour {unknown}
 i - a scroll of vulnerability {unknown}
 k - a scroll of blinking {unknown}
 m - a scroll of teleportation {unknown}
 n - a scroll of silence {unknown}
 p - a scroll of enchant weapon {unknown}


   Skills:
 + Level 0.4 Fighting
 + Level 0.8 Long Blades
 + Level 2.2 Dodging
 + Level 2.4 Stealth
 + Level 6.3 Spellcasting
 + Level 1.4 Conjurations
 + Level 4.5 Fire Magic


You had 15 spell levels left.
You knew the following spells:

 Your Spells              Type           Power      Damage    Failure   Level
a - Foxfire               Conj/Fire      56%        2x1d6     4%          1
b - Scorch                Fire           38%        2d6       3%          2

Your spell library contained the following spells:

 Spells                   Type           Power      Damage    Failure   Level
 Conjure Flame            Conj/Fire      14%        6-21      12%         3
 Inner Flame              Hex/Fire       12%        N/A       16%         3
 Blink                    Tloc           10%        N/A       21%         2
 Lesser Beckoning         Tloc           5%         N/A       36%         3
 Flame Wave               Conj/Fire      14%        2d6       36%         4
 Manifold Assault         Tloc           5%         N/A       98%         5


Dungeon Overview and Level Annotations

Branches:
Dungeon (5/15)
 Temple: D:4-7

Altars:
Makhleb


Innate Abilities, Weirdness & Mutations

You are immune to poison.
Your flesh is cold resistant. (rC+)
You are immune to negative energy. (rN+++)
You are immune to unholy pain and torment.
You are vulnerable to heat. (rF-)
You are in touch with the powers of death.
You do not drink.


Message History

The orc priest looks braver for a moment.
You hear an angry hiss.
An iguana comes into view.
You conjure some foxfire!
The orc priest calls down the wrath of Beogh upon you.
Beogh smites you!
You are too injured to fight recklessly!
The foxfire hits the orc.
The orc is heavily wounded.
The foxfire hits the orc.
The orc is almost dead.
The orc throws a stone.
The stone barely misses you.
Casting: Foxfire (safe; 4% risk of failure)
Confirm with . or Enter, or press ? or * to list all spells.
You don't have enough magic to cast this spell.
The orc throws a stone.
The stone hits you.
* * * LOW HITPOINT WARNING * * *
An orc comes into view. It is wielding a +0 war axe.
The orc shouts!
You hit the orc.
You kill the orc!
The orc priest miscasts a cantrip.
The orc priest attacks as you move away!
The orc priest barely misses you.
The orc priest casts a cantrip, but nothing happens.
Casting: Foxfire (safe; 4% risk of failure)
Confirm with . or Enter, or press ? or * to list all spells.
You don't have enough magic to cast this spell.
You hit the orc priest but do no damage.
The orc priest hits you with a +0 hand axe.
* * * LOW HITPOINT WARNING * * *
Okay, then.
The orc priest miscasts a cantrip.
You see here a +0 giant club.
The orc priest begins to cast a cantrip, but forgets the words!
The orc priest miscasts a cantrip.
The orc priest begins to cast a cantrip, but forgets the words!
The orc priest calls down the wrath of Beogh upon you.
Beogh smites you!
You die...

.<..#
#.......##..##......#
.§>.#
##.....o.#...##......#
...##
#........#...#......##
..##
#.....ol.#...#......#
.##
#..!..........#.....##
#
#.......o.....#.....#
.................(##
.................##
.......@.........#
.......<.....(.###
#.............##
##.....#......#
###########.## ###


You could see an iguana, 2 orc priests and an orc.

Vanquished Creatures
  A black bear (D:4)
  2 ogres
  A scorpion (D:5)
  Jessica (D:2)
  An iguana (D:4)
  7 adders
  6 gnolls
  A white imp (D:4)
  2 dart slugs
  3 orcs
  7 endoplasms
  2 giant cockroaches (D:2)
  6 goblins
  12 hobgoblins
  2 quokkas
  10 ball pythons
  4 bats
  3 frilled lizards
  7 kobolds
  5 rats
83 creatures vanquished.

Vanquished Creatures (others)
  142 foxfires
142 creatures vanquished.

Grand Total: 225 creatures vanquished

Notes
Turn   | Place    | Note
-------+----------+-------------------------------------------
     0 | D:1      | gelatine the Mummy Fire Elementalist began the quest for
                  | the Orb.
     0 | D:1      | Reached XP level 1. HP: 13/13 MP: 4/4
    23 | D:1      | Identified the +5 falchion of the Slime-mould {vorpal,
                  | rPois rC- Str+2}
   347 | D:1      | Reached XP level 2. HP: 19/19 MP: 3/5
   478 | D:1      | Learned a level 2 spell: Scorch
   837 | D:2      | Gained mutation: You are in touch with the powers of death.
                  | [Mummy growth]
   837 | D:2      | Reached XP level 3. HP: 10/24 MP: 1/7
  1124 | D:2      | Reached skill level 3 in Spellcasting
  1495 | D:2      | Reached skill level 1 in Conjurations
  1757 | D:2      | Found a faded altar of an unknown god.
  1785 | D:2      | Reached XP level 4. HP: 30/30 MP: 3/8
  2078 | D:2      | Noticed Jessica
  2080 | D:2      | Killed Jessica
  2688 | D:3      | Reached XP level 5. HP: 24/35 MP: 2/10
  2796 | D:3      | Found a burning altar of Makhleb.
  3758 | D:3      | Reached skill level 4 in Spellcasting
  4074 | D:4      | Noticed a black bear
  4083 | D:4      | Killed a black bear
  4084 | D:4      | Reached XP level 6. HP: 17/42 MP: 6/13
  4725 | D:4      | Reached skill level 5 in Spellcasting
  5289 | D:5      | Entered Level 5 of the Dungeon
  5407 | D:5      | Reached skill level 6 in Spellcasting
  5409 | D:5      | Reached XP level 7. HP: 25/47 MP: 1/16
  5439 | D:5      | Killed from afar by an orc priest

Illustrated notes

Levels and vault maps discovered:
D:1:      scummos_arrival_hexagon, layout_basic, chequers_serial_rivers_small_b,
          dk_noncrumbling_4
D:2:      layout_loops_corners, ebering_ecumenical_altar_abandoned, uniq_jessica
D:3:      layout_basic, bloody_makhleb
D:4:      layout_gridville, minmay_misc_feat_encased, kennysheep_small_square
D:5:      layout_cave_pods, nicolae_elyvilon_temple_path,
          minmay_temple_entry_statues_fountains, st_stairs_8

Skill      XL: |  1  2  3  4  5  6 |
---------------+-------------------+-----
Stealth        | 2 |  2.4
Dodging        | 2 |  2.2
Spellcasting   | 3 4 6 |  6.3
Fire Magic     | 3 4 |  4.5
Conjurations   | 1 |  1.4
Fighting       | |  0.4
Long Blades    | |  0.8

Action                   |  1- 3 |  4- 6 |  7- 9 || total
-------------------------+-------+-------+-------++-------
Melee: Falchion          |    28 |    16 |     2 ||    46
 Cast: Foxfire           |    37 |    43 |     1 ||    81
       Scorch            |    12 |    41 |     1 ||    54
 Stab: Sleeping          |       |     1 |       ||     1
Armor: Robe              |     5 |     4 |       ||     9
Dodge: Dodged            |    18 |    20 |     3 ||    41
